 Dungeon Crawl Stone Soup version 0.32-a0-643-ga006e7742e (webtiles) character file.

Game seed: 10277312271251521961

29 jestert79 the Caller (level 3, 0/27 (31) HPs)
             Began as a Troll Summoner on Mar 7, 2024.
             Slain by Terence
             ... wielding the +7 Throatcutter {drain, coup de grace}
              (1 damage)
             ... on level 2 of the Dungeon.
             The game lasted 00:01:18 (845 turns).

jestert79 the Caller (Troll Summoner)                Turns: 845, Time: 00:01:18

HP:   0/27 (31)     AC:  5    Str: 18    XL:     3   Next: 1%
MP:   3/3           EV:  9    Int: 11    God:
Gold: 120           SH:  0    Dex: 10    Spells: 3/4 levels left

rFire   . .          .
                       - Unarmed
rCold   . . .        (no shield)
rNeg    . . .        a - +0 robe
rPois   .            (helmet restricted)
rElec   .            g - +0 cloak
rCorr   .            (gloves unavailable)
SInv    .            (boots unavailable)
Will    .....        (no amulet)
Stlth   +            (no ring)
HPRegen 1.04/turn    (no ring)
MPRegen 0.08/turn

%: no passive effects
@: heavily drained
A: large, unfitting armour, claws 3, regeneration 1, shaggy fur 1, tough skin 1
a: no special abilities


You were on level 2 of the Dungeon.
You visited 1 branch of the dungeon, and saw 2 of its levels.

You collected 120 gold pieces.

Inventory:

Missiles
 d - 3 poisoned darts
 j - 3 boomerangs
Armour
 a - a +0 robe (worn)
 g - a +0 cloak (worn)
Jewellery
 m - a ring of see invisible
Scrolls
 c - a scroll of fog {unknown}
 f - a scroll of enchant weapon {unknown}
 h - a scroll of immolation {unknown}
 l - a scroll of teleportation {unknown}
Potions
 b - a potion of magic
 e - a potion of attraction {unknown}
 i - a potion of degeneration {unknown}
 k - a potion of curing {unknown}


   Skills:
 - Level 1.5 Dodging
 - Level 1.0 Stealth
 + Level 2.7 Unarmed Combat
 - Level 1.2 Spellcasting
 - Level 2.9 Summonings


You had 3 spell levels left.
You knew the following spells:

 Your Spells              Type           Power      Damage    Failure   Level
a - Summon Small Mammal   Summ           28%        N/A       10%         1

Your spell library contained the following spells:

 Spells                   Type           Power      Damage    Failure   Level
 Call Imp                 Summ           14%        N/A       14%         2
 Call Canine Familiar     Summ           7%         N/A       28%         3
 Summon Blazeheart Golem  Fire/Summ      3%         N/A       86%         4
 Summon Lightning Spire   Summ/Air       3%         N/A       86%         4


Dungeon Overview and Level Annotations

Branches:
Dungeon (2/15)

Altars:

Shops:
D:1 (   D:2 (

Annotations:
D:2 Terence


Innate Abilities, Weirdness & Mutations

You are too large for most types of armour.
You have claws for hands.
Your natural rate of healing is unusually fast.
You are covered in fur. (AC +1)
You have tough skin. (AC +1)


Message History

Increase (S)trength, (I)ntelligence, or (D)exterity?
You feel stronger. x3
The frilled lizard barely misses you.
Things that are here:
a +0 dagger; a kobold corpse You claw the frilled lizard!
You kill the frilled lizard!
No target in view!
No target in view!
No target in view!
m - a ring of see invisible Terence the Incautious comes into view.
He is wielding the +7 Throatcutter {drain, coup de grace}.
Terence shouts!
Terence is nearby!
Terence is nearby!
Terence is nearby!
You scratch Terence.
Terence is moderately wounded.
You scratch Terence but do no damage.
Terence is moderately wounded.
Terence hits you with the +7 Throatcutter!
You feel drained.
You scratch Terence.
Terence is heavily wounded.
Terence hits you with the +7 Throatcutter!
You feel drained.
* * * LOW HITPOINT WARNING * * *
You barely miss Terence.
Terence is moderately wounded.
Terence hits you with the +7 Throatcutter.
* * * LOW HITPOINT WARNING * * *
You feel drained.
* * * LOW HITPOINT WARNING * * *
You barely miss Terence.
Terence is moderately wounded.
Terence hits you with the +7 Throatcutter.
* * * LOW HITPOINT WARNING * * *
You feel drained.
You die...
Terence says, "That felt goooood."

##### #...## ♣.♣..#
♣.♣#.# ♣)♣#.#
♣.♣..##############
♣.♣...............#
♣.♣...............#
#..#############@.#
.).# #@.# #### #..#
#..# #..# #..# #..#
#..#


You could see Terence.

Vanquished Creatures
  4 bats
  3 endoplasms (D:1)
  3 goblins (D:1)
  A hobgoblin (D:1)
  4 kobolds
  3 quokkas
  4 ball pythons (D:1)
  3 frilled lizards (D:2)
25 creatures vanquished.

Notes
Turn   | Place    | Note
-------+----------+-------------------------------------------
     0 | D:1      | jestert79 the Troll Summoner began the quest for the Orb.
     0 | D:1      | Reached XP level 1. HP: 16/16 MP: 1/1
    54 | D:1      | Reached skill level 1 in Unarmed Combat
   122 | D:1      | Reached XP level 2. HP: 24/24 MP: 2/2
   332 | D:1      | Found Ysoebuwn's Weapon Boutique.
   671 | D:2      | Found Wuawiot's Antique Weapon Shoppe.
   817 | D:2      | Reached XP level 3. HP: 31/31 MP: 3/3
   839 | D:2      | Noticed Terence
   845 | D:2      | HP: 1/28 [Terence/the +7 Throatcutter {drain, coup de
                  | grace} (3)]
   845 | D:2      | Slain by Terence

Illustrated notes

Levels and vault maps discovered:
D:1:      amcnicky_arrival_choice, layout_loops_cross, serial_shops,
          nicolae_lakefront_shop
D:2:      minmay_wonky_spiral, layout_loops_ring,
          hellmonk_ecumenical_altar_prayer_group, serial_forest,
          infiniplex_forest_end_1, infiniplex_forest_clump_curved,
          infiniplex_forest_straight_2, infiniplex_forest_lined_ring,
          infiniplex_forest_end_2, infiniplex_forest_end_1,
          infiniplex_forest_lined_ring, serial_shops, nicolae_shop_waterfront,
          uniq_terence

Skill      XL: |  1  2 |
---------------+-------+-----
Unarmed Combat | 1 2 |  2.7
Dodging        | |  1.5
Stealth        | |  1.0
Spellcasting   | |  1.2
Summonings     | |  2.9

Action                     || total
---------------------------++-------
  Melee: Unarmed           ||    53
         Punch             ||     1
   Stab: Sleeping          ||     2
 Armour: Robe              ||    31
  Dodge: Dodged            ||    17

Table legend: (Time is in decaauts)
 A = Elapsed time spent in this place.
 B = Non-inter-level travel time spent in this place.
 C = Inter-level travel time spent in this place.
 D = Time resting spent in this place.
 E = Time spent auto-exploring this place.
 F = Levels seen in this place.
 G = Mean time per level.
                   A        B        C        D        E       F      G
               +--------+--------+--------+--------+--------+-----+--------+
         Total |    843 |    765 |     78 |      0 |    602 |   2 |  421.5 |
       Dungeon |    843 |    765 |     78 |      0 |    602 |   2 |  421.5 |
               +--------+--------+--------+--------+--------+-----+--------+

Top non-repeatable levels by time:
     D:1: 654 daAuts
     D:2: 188 daAuts
